[Event "Titled Tuesday Blitz August 3 2021"]
[White "Madaminov, Mukhiddin"]
[Black "Ouellet, Maili-Jade"]
[WhiteFideId "14210703"]
[BlackFideId "2620472"]
[WhiteElo "1747"]
[BlackElo "1886"]
[Result "1/2-1/2"]
[Round "01"]
[TimeControl "180+1"]
[Date "2021.08.03"]
[WhiteClock "0:00:09"]
[BlackClock "0:00:06"]

1. e4 c5 2. Nf3 d6 3. Bb5+ Nd7 4. O-O Nf6 5. Re1 g6 6. c3 Bg7 7. d4 a6 8. Bd3 e5 9. Nbd2 O-O 10. d5 b5 11. a4 Rb8 12. b3 Ne8 13. h3 h6 14. Nf1 f5 15. Ng3 f4 16. Nf1 g5 17. axb5 axb5 18. Ra7 Qb6 19. Ra2 Ndf6 20. N1h2 Bd7 21. Ree2 Nh7 22. Reb2 Nef6 23. c4 h5 24. Kh1 g4 25. Ng1 Ng5 26. h4 Nf7 27. Nf1 Nh8 28. Ne2 Ng6 29. g3 Ne8 30. Kg1 Nc7 31. Nc3 Rf7 32. Rb1 Rbf8 33. Rba1 fxg3 34. fxg3 Rf3 35. Rg2 bxc4 36. bxc4 Qb4 37. Na2 Qa5 38. Nh2 R3f7 39. Be3 Qa3 40. Qd2 Ba4 41. Qc3 Qxc3 42. Nxc3 Bd7 43. Rf2 Rxf2 44. Bxf2 Bh6 45. Nf1 Rf3 46. Rd1 Na6 47. Nh2 Rf7 48. Re1 Nb4 49. Bb1 Bd2 50. Nd1 Bxe1 51. Bxe1 Ba4 52. Ne3 Ne7 53. Nhf1 Bb3 54. Nd2 Ba4 55. Nf5 Nxf5 56. exf5 Nc2 57. Bf2 Rxf5 58. Ne4 Na3 59. Nxd6 Rxf2 60. Kxf2 Nxb1 61. Ne4 Na3 62. Nxc5 Be8 63. d6 Nxc4 64. d7 Bxd7 65. Nxd7 Kf7 66. Ke2 Ke6 67. Nf8+ Kf6 68. Nd7+ Kf5 69. Kd3 Nd6 70. Nc5 Kf6 71. Ke3 Nf5+ 72. Kd3 Nxg3 73. Nd7+ Ke6 74. Nc5+ Kd5 75. Nd7 Nf5 76. Nf6+ Ke6 77. Nxh5 Nxh4 78. Ke4 Ng6 79. Ng7+ Kf6 80. Nf5 Kg5 81. Ne3 Nf4 82. Nxg4 Kxg4 83. Kxe5 1/2-1/2


[Site "https://www.chess.com"]

[Event "Titled Tuesday Blitz August 3 2021"]
[White "Makhnev, Denis"]
[Black "Turayev, Shahruh"]
[WhiteFideId "13707647"]
[BlackFideId "14003856"]
[WhiteElo "2537"]
[BlackElo "2468"]
[Result "1-0"]
[Round "01"]
[TimeControl "180+1"]
[Date "2021.08.03"]
[WhiteClock "0:00:22"]
[BlackClock "0:00:05"]

1. d4 c5 2. d5 Nf6 3. Nc3 g6 4. e4 d6 5. Bb5+ Nfd7 6. a4 Bg7 7. Nf3 O-O 8. O-O Na6 9. Re1 Nc7 10. Bf1 a6 11. Nd2 Rb8 12. a5 b5 13. axb6 Nxb6 14. Nc4 Nxc4 15. Bxc4 Bd7 16. Ra2 Bb5 17. Be2 Bxe2 18. Nxe2 Qc8 19. c3 Qb7 20. Ng3 Qb3 21. Qxb3 Rxb3 22. Nf1 Rfb8 23. Nd2 R3b5 24. Nc4 f5 25. exf5 Nxd5 26. fxg6 hxg6 27. Rxa6 Kf7 28. g3 Nb6 29. Ra7 Nxc4 30. Rexe7+ Kf6 31. Rf7+ Ke6 32. Rxg7 Nxb2 33. Rxg6+ Kd5 34. Bf4 R8b6 35. Rg5+ Kc4 36. Rd7 Nd3 37. Bxd6 Kxc3 38. h4 Rb1+ 39. Kg2 Ne1+ 40. Kh3 c4 41. h5 Nd3 42. Rf5 Rf1 43. Kg2 Rbb1 44. h6 Rg1+ 45. Kf3 Rh1 46. h7 Rbf1 47. Bc5 Rh2 48. Bd4+ Kc2 49. h8=Q Rfxf2+ 50. Kg4 Rxh8 51. Bxh8 Rxf5 52. Kxf5 1-0


[Site "https://www.chess.com"]

[Event "Titled Tuesday Blitz August 3 2021"]
[White "Manukyan, Artyom"]
[Black "Bortnyk, Olexandr"]
[WhiteFideId "13305786"]
[BlackFideId "14120828"]
[WhiteElo "2034"]
[BlackElo "2723"]
[Result "0-1"]
[Round "01"]
[TimeControl "180+1"]
[Date "2021.08.03"]
[WhiteClock "0:00:56"]
[BlackClock "0:01:27"]

1. e4 Nf6 2. e5 Nd5 3. d4 d6 4. Nf3 dxe5 5. Nxe5 c6 6. Be2 Bf5 7. O-O Nd7 8. Nf3 e6 9. c4 N5f6 10. Nc3 Bd6 11. Bg5 O-O 12. Re1 Qc7 13. Bh4 Rfe8 14. c5 Bf4 15. Bd3 Bxd3 16. Qxd3 e5 17. Bxf6 Nxf6 18. dxe5 Bxe5 19. Nxe5 Rxe5 20. Qd6 Qxd6 21. cxd6 Rxe1+ 22. Rxe1 Rd8 23. Ne4 Nxe4 24. Rxe4 f5 25. Re6 Rd7 26. Kf1 Kf7 27. Re5 g6 28. Ke2 Rxd6 29. g3 Re6 0-1


[Site "https://www.chess.com"]

[Event "Titled Tuesday Blitz August 3 2021"]
[White "Martin Duque, Jesus"]
[Black "Molina, Roberto Junio Brito"]
[WhiteFideId "2208954"]
[BlackFideId "2109450"]
[WhiteElo "2224"]
[BlackElo "2402"]
[Result "0-1"]
[Round "01"]
[TimeControl "180+1"]
[Date "2021.08.03"]
[WhiteClock "0:00:28"]
[BlackClock "0:00:27"]

1. Nf3 d5 2. b3 Bg4 3. e3 Nd7 4. Bb2 e6 5. h3 Bh5 6. d3 Ngf6 7. g4 Bg6 8. Nh4 Bd6 9. Bg2 O-O 10. Nd2 Qe7 11. Nxg6 hxg6 12. a4 c6 13. h4 e5 14. g5 Nh7 15. Qg4 f5 16. gxf6 Rxf6 17. h5 Ndf8 18. h6 Qe6 19. Qxe6+ Rxe6 20. hxg7 Kxg7 21. c4 Nf6 22. Ke2 d4 23. Rag1 c5 24. Bxb7 Rb8 25. Bf3 N8d7 26. Bg4 Nxg4 27. Rxg4 Nb6 28. Ba3 Rh8 29. Rhg1 Nd7 30. Ne4 Be7 31. exd4 exd4 32. f4 Kf7 33. Kf3 Rh3+ 34. R4g3 Rh2 35. R1g2 Rh1 36. Rg1 Rh2 37. R3g2 Rh3+ 38. Ke2 Nf6 39. Rxg6 Nxe4 40. Rxe6 Nc3+ 41. Kd2 Kxe6 42. Rg2 Nb1+ 43. Kc2 Nxa3+ 44. Kb2 Rxd3 45. Ka2 0-1


[Site "https://www.chess.com"]

[Event "Titled Tuesday Blitz August 3 2021"]
[White "Martinez Alcantara, Jose Eduardo"]
[Black "Sadykov, Ramil"]
[WhiteFideId "3805662"]
[BlackFideId "24113590"]
[WhiteElo "2690"]
[BlackElo "2300"]
[Result "1-0"]
[Round "01"]
[TimeControl "180+1"]
[Date "2021.08.03"]
[WhiteClock "0:00:18"]
[BlackClock "0:00:12"]

1. e4 e5 2. Nf3 Nc6 3. Bb5 Nf6 4. d3 Bc5 5. c3 d6 6. O-O O-O 7. Bxc6 bxc6 8. h3 h6 9. Re1 Re8 10. Nbd2 a5 11. Nf1 Be6 12. b3 Bb6 13. Ng3 Qd7 14. d4 exd4 15. cxd4 Qc8 16. Qc2 Bd7 17. Be3 Qa6 18. a4 Qb7 19. Nh4 Rab8 20. Rab1 Qa7 21. Rbd1 Qb7 22. Nhf5 Bxf5 23. Nxf5 c5 24. dxc5 Bxc5 25. Bxc5 dxc5 26. e5 Nd5 27. Qc4 Ne7 28. Nxe7+ Rxe7 29. Qxc5 Re6 30. Qxa5 Qxb3 31. Qxc7 Ra8 32. Rd8+ Rxd8 33. Qxd8+ Kh7 34. Qd4 Ra6 35. Ra1 Ra5 36. Qe4+ g6 37. Qd4 h5 38. h4 Qc2 39. Kh2 Qe2 40. Ra3 Rxe5 41. Re3 Rxe3 42. fxe3 Qa2 43. Kg3 Qa1 44. Qxa1 1-0


[Site "https://www.chess.com"]

[Event "Titled Tuesday Blitz August 3 2021"]
[White "Milosevic, Milos"]
[Black "Gokerkan, Cem Kaan"]
[WhiteFideId "964875"]
[BlackFideId "6336760"]
[WhiteElo "2135"]
[BlackElo "2361"]
[Result "0-1"]
[Round "01"]
[TimeControl "180+1"]
[Date "2021.08.03"]
[WhiteClock "0:02:09"]
[BlackClock "0:01:21"]

1. e4 c6 2. Nf3 d5 3. Nc3 dxe4 4. Nxe4 Nf6 5. Nxf6+ exf6 6. d4 Bd6 7. Be2 O-O 8. Be3 Re8 9. Qd2 a5 10. O-O-O a4 11. g4 a3 12. b3 Bxg4 13. Rdg1 Bh5 14. Nh4 Bg6 15. Bc4 b5 16. Nxg6 hxg6 17. Bd3 Na6 18. c3 b4 19. c4 c5 20. d5 f5 21. Bg5 Be7 22. Bf4 Qb6 23. h4 Qf6 24. Kb1 Bd6 25. h5 Bxf4 26. Qxf4 Qb2# 0-1


[Site "https://www.chess.com"]

[Event "Titled Tuesday Blitz August 3 2021"]
[White "Mitusov, Semen"]
[Black "Jobava, Baadur"]
[WhiteFideId "14151049"]
[BlackFideId "13601520"]
[WhiteElo "2256"]
[BlackElo "2748"]
[Result "1-0"]
[Round "01"]
[TimeControl "180+1"]
[Date "2021.08.03"]
[WhiteClock "0:00:36"]
[BlackClock "0:00:42"]

1. e4 c6 2. d4 d5 3. e5 Bf5 4. h4 h6 5. g4 Bd7 6. h5 e6 7. f4 c5 8. c3 Nc6 9. Nf3 Qb6 10. Rh2 Rc8 11. Be3 cxd4 12. Nxd4 Bc5 13. Rc2 Nge7 14. Kf2 O-O 15. Kg3 f6 16. Nxc6 Nxc6 17. Bxc5 Qxc5 18. exf6 Rxf6 19. Rf2 e5 20. f5 e4 21. Nd2 Qd6+ 22. Rf4 Bxf5 23. Nc4 Qxf4+ 24. Kxf4 Be6+ 25. Kg3 dxc4 26. Bg2 Rd8 27. Qe2 Rd3+ 28. Kh2 Ne5 29. Qxe4 Nxg4+ 30. Kg1 Rg3 31. Rd1 Bf5 32. Rd8+ Kf7 33. Qe8# 1-0


[Site "https://www.chess.com"]

[Event "Titled Tuesday Blitz August 3 2021"]
[White "Moon_stone123"]
[Black "Vasquez Schroeder, Rodrigo"]
[BlackFideId "3400042"]
[WhiteElo "2413"]
[BlackElo "2572"]
[Result "0-1"]
[Round "01"]
[TimeControl "180+1"]
[Date "2021.08.03"]
[WhiteClock "0:00:08"]
[BlackClock "0:00:43"]

1. Nf3 Nf6 2. g3 b6 3. Bg2 Bb7 4. O-O c5 5. d3 g6 6. e4 Bg7 7. Nc3 d6 8. Re1 O-O 9. e5 dxe5 10. Nxe5 Qc8 11. a4 Nc6 12. Nxc6 Bxc6 13. Bxc6 Qxc6 14. Rxe7 Rfe8 15. Rxe8+ Rxe8 16. Bd2 h5 17. Qf1 Ng4 18. Qg2 Qxg2+ 19. Kxg2 Bxc3 20. Bxc3 Re2 21. Re1 Ne3+ 22. Kf3 Rxe1 23. Bxe1 Nxc2 24. Bc3 f5 25. Kf4 Kf7 26. Ke5 Ke7 27. h4 a5 28. f3 Ne3 29. d4 f4 30. Kxf4 Nd5+ 31. Ke5 Nxc3 32. bxc3 b5 33. Kd5 bxa4 34. Kc4 cxd4 35. cxd4 Kd6 36. g4 a3 37. Kb3 Kd5 38. gxh5 gxh5 39. Kxa3 Kxd4 40. Ka4 Ke3 41. Kxa5 Kxf3 42. Kb4 Kg3 43. Kc3 Kxh4 44. Kd2 Kg3 45. Ke1 Kg2 0-1


[Site "https://www.chess.com"]

[Event "Titled Tuesday Blitz August 3 2021"]
[White "Murzin, Volodar"]
[Black "Baches Garcia, Guillermo"]
[WhiteFideId "44155573"]
[BlackFideId "2209764"]
[WhiteElo "2541"]
[BlackElo "2407"]
[Result "1-0"]
[Round "01"]
[TimeControl "180+1"]
[Date "2021.08.03"]
[WhiteClock "0:00:09"]
[BlackClock "0:00:22"]

1. e4 c5 2. Nf3 d6 3. d4 cxd4 4. Qxd4 Nf6 5. Be2 g6 6. O-O Bg7 7. Rd1 O-O 8. Nc3 Nc6 9. Qe3 Bg4 10. e5 Ne8 11. exd6 Nxd6 12. Ne4 Qa5 13. Nxd6 exd6 14. Qf4 Bf5 15. c3 Rfe8 16. Be3 Ne5 17. Nd4 Bd7 18. Qh4 Rac8 19. Bh6 Bh8 20. Bg5 Qb6 21. Rd2 Nc4 22. Bxc4 Rxc4 23. Bf6 Bxf6 24. Qxf6 Rc5 25. h3 Rce5 26. Qf4 Bc6 27. Kh2 Be4 28. Re1 Bc6 29. Red1 Qc7 30. Qg3 Qe7 31. Rd3 Bd7 32. a3 a6 33. Qf4 b5 34. Rg3 Re4 35. Qd2 Re5 36. f4 Re4 37. f5 Qe5 38. fxg6 hxg6 39. Qg5 Re3 40. Qxe5 R8xe5 41. Rxe3 Rxe3 42. Kg1 a5 43. Kf2 Re8 44. Nf3 b4 45. axb4 axb4 46. cxb4 Rb8 47. Rxd6 Be6 48. Rd4 Kg7 49. Ng5 Kf6 50. Nxe6 Kxe6 51. Ke3 Ke5 52. Kd3 f5 53. Kc3 g5 54. Rc4 f4 55. Rc5+ Kf6 56. b5 Re8 57. Rc6+ Kf5 58. Rc5+ Ke4 59. b6 f3 60. gxf3+ Kxf3 61. Rxg5 Rb8 62. Rb5 Ke3 63. Kb4 Ke4 64. b7 Kd4 65. Ka5 Kc4 66. b3+ 1-0


[Site "https://www.chess.com"]

[Event "Titled Tuesday Blitz August 3 2021"]
[White "Nasyrova, Ekaterina"]
[Black "Maly, Alexey"]
[WhiteFideId "44157797"]
[BlackFideId "14103184"]
[WhiteElo "2115"]
[BlackElo "2285"]
[Result "0-1"]
[Round "01"]
[TimeControl "180+1"]
[Date "2021.08.03"]
[WhiteClock "0:00:08"]
[BlackClock "0:00:56"]

1. d4 d5 2. Nf3 Nf6 3. c4 dxc4 4. e3 e6 5. Bxc4 a6 6. Nc3 b5 7. Be2 Bb7 8. O-O Nbd7 9. a3 c5 10. dxc5 Bxc5 11. b4 Be7 12. Bb2 O-O 13. Nd4 Qb6 14. Nb3 Rfd8 15. Qe1 Rac8 16. Rd1 h6 17. Na5 Ba8 18. Bd3 Ne5 19. Bb1 Nc4 20. Nxc4 Rxc4 21. Rxd8+ Qxd8 22. Qd1 Rc8 23. Qxd8+ Rxd8 24. f3 Rd2 25. Rf2 Rxf2 26. Kxf2 Nd5 27. Ne4 Kf8 28. Bd4 f6 29. Nc5 e5 30. Bb2 a5 31. e4 axb4 32. Ne6+ Kf7 33. exd5 bxa3 34. Ba1 Bxd5 35. Nc7 Bc4 36. Be4 b4 37. Nd5 b3 38. Nxe7 Kxe7 39. Bc3 b2 40. Bb4+ Ke6 41. Bxa3 f5 42. Bb1 g5 43. Bxb2 h5 44. Bc1 g4 45. h4 Bd5 46. Bg5 Bc6 47. Bc2 Bd5 48. Ba4 Kf7 49. Bd7 gxf3 50. gxf3 f4 51. Bf5 Bc6 52. Bd3 Bd5 53. Be4 Be6 54. Bc6 Bf5 55. Bd5+ Kg6 56. Ke2 Kg7 57. Be4 Be6 58. Kd3 Kf7 59. Bc6 Bf5+ 60. Kc4 Ke6 61. Be8 e4 62. fxe4 Bxe4 63. Bxh5 f3 64. Bg4+ Ke5 65. Bh3 f2 66. Be3 Bf5 67. Bxf5 f1=Q+ 68. Bd3 Qh3 69. Bd4+ Kf4 70. Bf6 Qc8+ 71. Kb4 Qf8+ 72. Kb3 Qxf6 0-1


[Site "https://www.chess.com"]

[Event "Titled Tuesday Blitz August 3 2021"]
[White "Nguyen Hong Nhung"]
[Black "Erdogdu, Mert"]
[WhiteFideId "12412201"]
[BlackFideId "6301495"]
[WhiteElo "1661"]
[BlackElo "2485"]
[Result "0-1"]
[Round "01"]
[TimeControl "180+1"]
[Date "2021.08.03"]
[WhiteClock "0:00:05"]
[BlackClock "0:00:07"]

1. e4 c5 2. Nc3 d6 3. f4 Nc6 4. Nf3 g6 5. Bc4 Bg7 6. O-O e6 7. d3 Nge7 8. Qe1 h6 9. Qh4 Nd4 10. Nxd4 cxd4 11. Ne2 Bd7 12. Qg3 b5 13. Bb3 a5 14. a3 O-O 15. f5 exf5 16. Qxd6 Be6 17. Qg3 Bxb3 18. cxb3 fxe4 19. dxe4 Nc6 20. Nf4 Re8 21. Bd2 Rxe4 22. Nxg6 fxg6 23. Qxg6 Qe8 24. Qg3 Re6 25. Rae1 Qg6 26. Qf3 Rf8 27. Qd5 Rxf1+ 28. Rxf1 Kh7 29. Qxb5 Qe4 30. Rf2 Ne5 31. Qf1 Rg6 32. h3 d3 33. Kh1 Nd7 34. Rf4 Qd5 35. Rf5 Ne5 36. b4 a4 37. Bc3 Qe4 38. Bxe5 Bxe5 39. Rf7+ Bg7 40. Rf3 d2 41. Rd3 Rxg2 42. Qxg2 Qxd3 43. Qg1 d1=Q 44. Qxd1 Qxd1+ 45. Kh2 Qe2+ 46. Kg3 Be5+ 47. Kh4 Qe4+ 48. Kh5 Qf5+ 49. Kh4 Qg5# 0-1


[Site "https://www.chess.com"]

[Event "Titled Tuesday Blitz August 3 2021"]
[White "Nikitenko, Mihail"]
[Black "Andrews, Todd"]
[WhiteFideId "13506862"]
[BlackFideId "2012456"]
[WhiteElo "2430"]
[BlackElo "2395"]
[Result "0-1"]
[Round "01"]
[TimeControl "180+1"]
[Date "2021.08.03"]
[WhiteClock "0:02:03"]
[BlackClock "0:01:49"]

1. c4 e5 2. g3 Nc6 3. Bg2 f5 4. Nc3 Nf6 5. d3 Bb4 6. Qc2 O-O 7. Nf3 d6 8. O-O Ne7 9. a3 Bxc3 10. Qxc3 Kh8 11. b4 Qe8 12. c5 f4 13. cxd6 cxd6 14. Qc7 Nf5 15. e4 fxe3 16. fxe3 Nd5 17. Qa5 Nfxe3 18. Rf2 b6 0-1


[Site "https://www.chess.com"]

[Event "Titled Tuesday Blitz August 3 2021"]
[White "Nilsson, Joakim"]
[Black "Dronavalli, Harika"]
[WhiteFideId "1723383"]
[BlackFideId "5015197"]
[WhiteElo "2180"]
[BlackElo "2422"]
[Result "1/2-1/2"]
[Round "01"]
[TimeControl "180+1"]
[Date "2021.08.03"]
[WhiteClock "0:00:21"]
[BlackClock "0:00:23"]

1. d4 Nf6 2. c4 g6 3. Nc3 d5 4. Nf3 Bg7 5. Bg5 Ne4 6. cxd5 Nxg5 7. Nxg5 e6 8. Nf3 exd5 9. e3 O-O 10. Be2 c6 11. O-O Re8 12. b4 a6 13. a4 Bf8 14. Qb3 Bd6 15. b5 axb5 16. axb5 Rxa1 17. Rxa1 Bg4 18. bxc6 bxc6 19. h3 Bxf3 20. Bxf3 Bc7 21. Ra7 h5 22. Na4 Qd6 23. Qb7 Re7 24. Nc5 Kg7 25. Qc8 Qh2+ 26. Kf1 Bd6 27. Rxe7 Bxe7 28. g3 Bxc5 29. dxc5 h4 30. Qxb8 Qxh3+ 31. Bg2 Qg4 32. Qe5+ f6 33. Qe7+ Kh6 34. Qf8+ Kh7 35. Qf7+ Kh6 36. Kg1 hxg3 37. Qxf6 Qd1+ 38. Bf1 gxf2+ 39. Qxf2 Qc1 40. Qf4+ Kg7 41. Qd4+ Kh7 42. Kf2 Qc2+ 43. Be2 Qf5+ 44. Qf4 Qd7 45. Bd3 Qe7 46. Qd4 Qf7+ 47. Ke2 Qe6 48. Qh4+ Kg7 49. Qg5 Kf7 50. Qf4+ Kg7 51. Kd2 Kg8 52. Qb8+ Kf7 53. Qc7+ Kf6 54. Qd8+ Kg7 55. Qg5 Kf7 56. Qh6 Qf6 57. Qh7+ Kf8 58. Qxg6 Qb2+ 59. Bc2 Qb4+ 60. Kd1 Qxc5 61. Qf6+ Ke8 62. Qd4 Qxd4+ 63. exd4 Kd7 64. Ba4 Kd6 65. Kd2 c5 66. dxc5+ Kxc5 67. Bc2 d4 68. Bd3 Kd5 69. Be2 Ke5 70. Bd3 Kd5 71. Be2 Ke5 72. Bd3 Kd5 1/2-1/2


[Site "https://www.chess.com"]

[Event "Titled Tuesday Blitz August 3 2021"]
[White "Novikov, Evgenij"]
[Black "Onyshchuk, Volodymyr"]
[WhiteFideId "4125380"]
[BlackFideId "14114038"]
[WhiteElo "2242"]
[BlackElo "2603"]
[Result "0-1"]
[Round "01"]
[TimeControl "180+1"]
[Date "2021.08.03"]
[WhiteClock "0:00:01"]
[BlackClock "0:00:35"]

1. Nf3 g6 2. e4 Bg7 3. d4 d6 4. c4 Bg4 5. Be2 Nc6 6. Be3 e5 7. d5 Bxf3 8. Bxf3 Nd4 9. Nd2 Ne7 10. Nb3 c5 11. dxc6 Nexc6 12. O-O O-O 13. Be2 a5 14. Bd3 Qb6 15. Rb1 a4 16. Nxd4 exd4 17. Bf4 Ne5 18. Bxe5 dxe5 19. b4 axb3 20. Rxb3 Qc7 21. c5 Qxc5 22. Rxb7 Rxa2 23. Qb1 Ra7 24. Rxa7 Qxa7 25. Bc4 Rc8 26. Qb3 Bh6 27. h4 Kg7 28. Bd5 Rc7 29. Qb5 Qc5 30. Qe8 d3 31. Qxe5+ Kg8 32. h5 Bg7 33. Qe8+ Bf8 34. hxg6 hxg6 35. Qe5 d2 36. Qf6 Qd6 37. Qg5 Rc2 38. Rd1 Be7 39. Qe3 Qc5 40. Qxc5 Bxc5 41. Kf1 Bb4 42. Ke2 Kf8 43. e5 Rc5 44. Bf3 Rxe5+ 45. Kd3 Ke7 46. Kc2 Re1 0-1


[Site "https://www.chess.com"]

[Event "Titled Tuesday Blitz August 3 2021"]
[White "Obolentseva, Alexandra"]
[Black "Priasmoro, Novendra"]
[WhiteFideId "24153648"]
[BlackFideId "7105029"]
[WhiteElo "2113"]
[BlackElo "2309"]
[Result "1-0"]
[Round "01"]
[TimeControl "180+1"]
[Date "2021.08.03"]
[WhiteClock "0:00:33"]
[BlackClock "0:00:04"]

1. d4 Nf6 2. c4 g6 3. Nc3 Bg7 4. e4 d6 5. Nf3 O-O 6. Be2 e5 7. O-O Na6 8. Be3 c6 9. d5 Ng4 10. Bg5 f6 11. Bd2 c5 12. Qc1 f5 13. h3 Nf6 14. Ng5 Nc7 15. Bf3 f4 16. Nb5 Nxb5 17. cxb5 Nxd5 18. Nxh7 Kxh7 19. exd5 Bf5 20. Re1 Qh4 21. Be4 Rae8 22. f3 Kg8 23. Re2 Bd7 24. Be1 Qh5 25. Qc2 Rf5 26. Bxf5 Bxf5 27. Qd2 Bf6 28. Bf2 Kg7 29. Rae1 Rh8 30. Qa5 Kf7 31. Qc7+ Kg8 32. Qb8+ Kg7 33. Qxb7+ Kh6 34. Qf7 Bg7 35. b4 Bxh3 36. gxh3 Qxh3 37. Bh4 Qxf3 38. Rh2 Qg4+ 39. Kf2 Qh5 40. Rg1 Rf8 41. Bg5+ Kh7 42. Rxh5+ gxh5 43. Qxh5+ Kg8 44. Bh6 1-0


[Site "https://www.chess.com"]

[Event "Titled Tuesday Blitz August 3 2021"]
[White "Odegov, Artem"]
[Black "Lazavik, Denis"]
[WhiteFideId "34183644"]
[BlackFideId "13515110"]
[WhiteElo "2288"]
[BlackElo "2436"]
[Result "0-1"]
[Round "01"]
[TimeControl "180+1"]
[Date "2021.08.03"]
[WhiteClock "0:00:55"]
[BlackClock "0:01:05"]

1. d4 Nf6 2. c4 e6 3. Nf3 d5 4. Nc3 Be7 5. Bg5 O-O 6. e3 Nbd7 7. Qc2 h6 8. h4 c5 9. O-O-O Qa5 10. Bf4 b5 11. cxb5 a6 12. g4 axb5 13. g5 b4 14. gxf6 Nxf6 15. Nb1 Qxa2 16. dxc5 b3 17. Qd3 Ba6 18. Qxa6 Rxa6 19. Bxa6 Qxa6 20. Nd4 Ne4 21. Rh2 Qc4+ 22. Nc3 Nxc3 23. bxc3 Qxc3+ 24. Kb1 Ra8 25. Nxb3 Qxb3+ 26. Kc1 Qc3+ 27. Kb1 Ra1# 0-1


[Site "https://www.chess.com"]

[Event "Titled Tuesday Blitz August 3 2021"]
[White "Oparin, Grigoriy"]
[Black "Manukyan, Sargis A."]
[WhiteFideId "24125890"]
[BlackFideId "13303970"]
[WhiteElo "2628"]
[BlackElo "2187"]
[Result "1-0"]
[Round "01"]
[TimeControl "180+1"]
[Date "2021.08.03"]
[WhiteClock "0:01:45"]
[BlackClock "0:00:14"]

1. c4 f5 2. Nc3 Nf6 3. g3 e6 4. Bg2 Be7 5. Nh3 O-O 6. O-O Nc6 7. d4 d6 8. d5 exd5 9. cxd5 Ne5 10. Nf4 Qe8 11. Qc2 Qf7 12. Nb5 Bd8 13. Ne6 Bxe6 14. dxe6 Qxe6 15. Bxb7 Rb8 16. Nd4 Qc4 17. Qxc4+ Nxc4 18. Bg2 g6 19. Nc6 Rb5 20. Nxa7 Rb6 21. b3 Ne5 22. Be3 Ra6 23. Nb5 c5 24. Rfd1 Be7 25. a4 Rb8 26. Bf4 Kg7 27. Rac1 Rab6 28. h4 h6 29. Bd2 Rxb5 30. axb5 Rxb5 31. Rb1 g5 32. hxg5 hxg5 33. Bxg5 Kg6 34. Bxf6 Kxf6 35. Bd5 Rb4 36. Ra1 f4 37. Ra4 fxg3 38. Rxb4 gxf2+ 39. Kxf2 cxb4 40. Rd4 Bd8 41. Rxb4 Nd7 42. Re4 Nc5 43. Re8 Bb6 44. Kf3 Nd7 45. Re6+ Kf5 46. e4+ Kg5 47. Rxd6 Ne5+ 48. Ke2 Bd4 49. b4 Kf4 50. b5 Bc5 51. Re6 Nd7 52. Rc6 Bd4 53. Kd3 Bg1 54. Kc3 Nb6 55. Rg6 Be3 56. Kb4 Ke5 57. Ka5 Nd7 58. b6 Bd2+ 59. Kb5 Be3 60. b7 Nb8 61. Re6+ Kf4 62. Re8 Ba7 63. e5 Kf5 64. e6 Kf6 65. Bc6 Ke5 66. e7 Kd6 67. Rxb8 1-0


[Site "https://www.chess.com"]

[Event "Titled Tuesday Blitz August 3 2021"]
[White "Ozen, Bahadir"]
[Black "Zia, Tahsin Tajwar"]
[WhiteFideId "6337058"]
[BlackFideId "10211888"]
[WhiteElo "2503"]
[BlackElo "1800"]
[Result "1-0"]
[Round "01"]
[TimeControl "180+1"]
[Date "2021.08.03"]
[WhiteClock "0:00:52"]
[BlackClock "0:00:02"]

1. c4 Nf6 2. Nc3 e6 3. e4 d5 4. e5 d4 5. exf6 dxc3 6. bxc3 Qxf6 7. Nf3 b6 8. d4 Ba6 9. Qa4+ c6 10. Bd3 h6 11. Ne5 Bb7 12. Be4 Bd6 13. Nxc6 O-O 14. Bf3 Nxc6 15. Bxc6 Bxc6 16. Qxc6 e5 17. Qf3 Qe6 18. Qd5 Qxd5 19. cxd5 exd4 20. cxd4 Bb4+ 21. Ke2 Rac8 22. Be3 Rc2+ 23. Kd3 Rc3+ 24. Ke2 Rc2+ 25. Kf3 Ba3 26. Rab1 f5 27. Rb3 Rxa2 28. Bf4 g5 29. Be5 h5 30. g3 Rc8 31. h4 Rcc2 32. Rh2 g4+ 33. Kf4 Rxf2+ 34. Rxf2 Rxf2+ 35. Kg5 Be7+ 36. Kg6 Rc2 37. Kxf5 Rf2+ 38. Ke6 Kf8 39. d6 Bd8 40. Ra3 Ke8 41. Rxa7 Rc2 42. Rh7 Kf8 43. Rh8# 1-0


[Site "https://www.chess.com"]

[Event "Titled Tuesday Blitz August 3 2021"]
[White "Pein, Jonathan"]
[Black "Demidov, Mikhail"]
[WhiteFideId "417092"]
[BlackFideId "4197143"]
[WhiteElo "2167"]
[BlackElo "2598"]
[Result "0-1"]
[Round "01"]
[TimeControl "180+1"]
[Date "2021.08.03"]
[WhiteClock "0:00:01"]
[BlackClock "0:00:55"]

1. e4 g6 2. d4 Bg7 3. Nf3 d6 4. c4 Nc6 5. Nc3 Bg4 6. Be2 Bxf3 7. Bxf3 Nxd4 8. Be3 c5 9. Be2 e5 10. Bd3 Ne7 11. O-O O-O 12. f4 exf4 13. Bxf4 Nec6 14. Nd5 Ne5 15. Bb1 Nxc4 16. Qg4 Ne6 17. Bc1 Nxb2 18. Bc2 Nc4 19. Rb1 b6 20. Bb3 Ne5 21. Qh3 c4 22. Bc2 h5 23. Kh1 Rb8 24. Bd2 b5 25. a3 a5 26. Bd1 Ng5 27. Qh4 Nh7 28. Qf2 f5 29. Bc2 fxe4 30. Qg3 Qd7 31. Bxe4 Rxf1+ 32. Rxf1 Rf8 33. Re1 Nf6 34. Bxg6 Nxg6 35. Nb6 Qf5 36. h3 Ne4 37. Qe3 d5 38. Bxa5 Nf2+ 39. Kg1 d4 40. Qg3 Ne4 41. Rxe4 Qxe4 42. Bd2 c3 0-1


[Site "https://www.chess.com"]

[Event "Titled Tuesday Blitz August 3 2021"]
[White "Petrovskyi, Vadym"]
[Black "Estrada Nieto, Julian"]
[WhiteFideId "14165210"]
[BlackFideId "5101018"]
[WhiteElo "2305"]
[BlackElo "2270"]
[Result "1-0"]
[Round "01"]
[TimeControl "180+1"]
[Date "2021.08.03"]
[WhiteClock "0:00:48"]
[BlackClock "0:00:01"]

1. e4 e5 2. Nf3 Nc6 3. d4 exd4 4. Bc4 Bc5 5. O-O d6 6. c3 Nf6 7. cxd4 Bb6 8. Nc3 O-O 9. Bg5 h6 10. Bh4 Bg4 11. Nd5 g5 12. Bg3 Bxd4 13. Qd3 Bxf3 14. Qxf3 Nxd5 15. Bxd5 Qf6 16. Qb3 Rab8 17. Rad1 Bxb2 18. f4 Nd4 19. Qd3 c6 20. Bc4 b5 21. Bb3 Nxb3 22. axb3 c5 23. e5 dxe5 24. fxe5 Qg6 25. Qe2 Bd4+ 26. Kh1 Rbe8 27. Rde1 b4 28. Qc4 Qc6 29. Rf6 Re6 30. Ref1 Qd7 31. Qd3 Rxf6 32. Rxf6 Kg7 33. h4 Re8 34. Qd2 Rxe5 35. Bxe5 1-0


[Site "https://www.chess.com"]

[Event "Titled Tuesday Blitz August 3 2021"]
[White "Plotnikov, Pavel"]
[Black "Noritsyn, Nikolay"]
[WhiteFideId "4170342"]
[BlackFideId "2604922"]
[WhiteElo "2298"]
[BlackElo "2527"]
[Result "1/2-1/2"]
[Round "01"]
[TimeControl "180+1"]
[Date "2021.08.03"]
[WhiteClock "0:00:09"]
[BlackClock "0:00:24"]

1. e4 c5 2. Nf3 e6 3. d3 Nc6 4. g3 d5 5. Nbd2 Bd6 6. Bg2 Nge7 7. O-O O-O 8. Re1 Qc7 9. Qe2 f6 10. c3 Bd7 11. Nf1 Rae8 12. h4 d4 13. c4 e5 14. N1h2 a6 15. Bd2 b5 16. b3 Rb8 17. Rab1 Qd8 18. h5 Bc7 19. Nh4 Ba5 20. cxb5 axb5 21. Rbc1 Qb6 22. Bf3 Bc3 23. Bxc3 dxc3 24. Rxc3 Nd4 25. Qe3 Ra8 26. Rec1 Rfc8 27. Qd2 Be6 28. Bg4 Bxg4 29. Nxg4 Qe6 30. Nh2 Qf7 31. Rxc5 Rxc5 32. Rxc5 Qxh5 33. Kg2 Rd8 34. N2f3 Nec6 35. Qc3 Qe8 36. Nxd4 Nxd4 37. Rd5 Rc8 38. Rc5 Rd8 39. Rd5 Rc8 40. Rc5 Ra8 41. Nf5 Nxf5 42. exf5 h6 43. Qb4 Qd7 44. Qxb5 Qxf5 45. Qc4+ Kh8 46. Qe4 Qxe4+ 47. dxe4 Rxa2 48. Rb5 Rb2 49. Rb8+ Kh7 50. Kf3 h5 51. b4 g5 52. b5 Rb3+ 53. Kg2 g4 54. b6 Rb4 55. b7 Kg7 56. Kg1 Rb1+ 57. Kg2 Kh7 58. Kh2 Kg7 59. Kg2 Rb2 60. Kg1 Rb1+ 61. Kh2 Kh7 62. Rf8 Rxb7 63. Rxf6 Rb5 64. Rf5 Kg6 65. Kg2 Ra5 66. Kg1 Rb5 67. Kg2 Rc5 68. Kg1 Rc1+ 69. Kg2 Rc5 70. Kg1 Kh6 71. Kh2 Kg6 72. Kg2 Rb5 73. Kh2 Ra5 74. Kg2 Rc5 1/2-1/2


[Site "https://www.chess.com"]